 Dungeon Crawl Stone Soup version 0.26.1-11-gd32895ea62 (webtiles) character file.

Game seed: 13845191088445747543

169 infcreate the Vexing (level 5, 0/29 HPs)
             Began as a Vampire Enchanter on July 3, 2021.
             Slain by Natasha (8 damage)
             ... on level 3 of the Dungeon.
             The game lasted 00:13:41 (4144 turns).

infcreate the Vexing (Vampire Enchanter)            Turns: 4144, Time: 00:13:42

Health: 0/29       AC:  3    Str:  7    XL:     5   Next: 25%
Magic:  14/17      EV: 14    Int: 17    God:
Gold:   230        SH:  0    Dex: 16    Spells: 3/9 levels left

rFire    . . .     SeeInvis +   a - +1 dagger
rCold    + + .     Faith    .   (no shield)
rNeg     + + +     Spirit   .   f - +0 robe
rPois    ∞         Reflect  .   k - +0 helmet
rElec    .         Harm     .   (no cloak)
rCorr    .         Rampage  .   (no gloves)
Will     .....                  (no boots)
Stlth    +++++.....             (no amulet)
HPRegen  0.00/turn              W - ring of magical power
MPRegen  0.15/turn              (no ring)

@: bloodless, slowed, very slow
A: fangs 3, see invisible, unbreathing
a: Bat Form, Revivify


You were on level 3 of the Dungeon.
You visited 1 branch of the dungeon, and saw 3 of its levels.

You collected 230 gold pieces.


Innate Abilities, Weirdness & Mutations

You do not regenerate when monsters are visible.
You are frail without blood (-20% HP).
You can heal yourself when you bite living creatures.
You are immune to poison.
You have razor-sharp teeth.
You have supernaturally acute eyesight. (SInv)
You can survive without breathing.


   Skills:
 + Level 1.1 Fighting
 * Level 2.5 Short Blades
 * Level 3.3 Dodging
 * Level 5.6 Stealth
 + Level 2.5 Spellcasting
 * Level 5.6 Hexes


You had 3 spell levels left.
You knew the following spells:

 Your Spells              Type           Power        Failure   Level
c - Corona                Hex            23%          1%          1
e - Ensorcelled Hibernat  Hex/Ice        22%          9%          2
t - Confusing Touch       Hex            21%          5%          3

Your spell library contained the following spells:

 Spells                   Type           Power        Failure   Level
 Tukima's Dance           Hex            21%          5%          3
 Dazzling Flash           Conj/Hex       22%          17%         3

Inventory:

Hand Weapons
 a - a +1 dagger (weapon)
Armour
 f - a +0 robe (worn)
 k - a +0 helmet (worn)
Jewellery
 S - a +6 ring of strength
 W - a ring of magical power (left hand)
Scrolls
 b - a scroll of enchant armour {unknown}
 e - a scroll of blinking
 g - a scroll of teleportation {unknown}
 i - 2 scrolls of identify {unknown}
 o - a scroll of random uselessness {unknown}
Potions
 c - a potion of berserk rage {unknown}
 h - 2 potions of magic {unknown}
 j - a potion of attraction {unknown}
 l - a potion of curing {unknown}
 m - 2 potions of lignification {unknown}
 n - a potion of brilliance {unknown}
 p - a potion of haste {unknown}

Dungeon Overview and Level Annotations

Branches:
Dungeon (3/15)

Altars:
Fedhas
Sif Muna

Annotations:
D:3 Natasha

#.##...####.#.# ####
#.......).#.#.#####...
#....................# ##########
#.............######.# .........#
#.##...##..#### ##.#
########.###.##...##..########.#.
#.##...#...##..........###
#.##....h........######.#.
#.##...#.@.##.####........
#.#######.###......#######
#.#######.# ######## #.........#
###########


You could see Natasha (confused).


Message History

Casting: Ensorcelled Hibernation (safe; 9% risk of failure)
Confirm with . or Enter, or press ? or * to list all spells.
Aiming: Ensorcelled Hibernation (safe; 9% risk of failure)
Press: ? - help, Shift-Dir - straight line, f/p - Natasha
Aim: Natasha (chance to affect: 42%) Natasha resists with some effort.
Natasha casts a spell at you.
You feel yourself slow down.
Casting: Ensorcelled Hibernation (safe; 9% risk of failure)
Confirm with . or Enter, or press ? or * to list all spells.
The spell is quite dangerous to cast (5% risk of failure)!
Continue anyway?
Your hands begin to glow red.
Natasha claws you.
You closely miss Natasha.
Natasha stares at you and mumbles some strange words.
The magic dart hits you.
You completely miss Natasha. Natasha closely misses you.
Natasha completely misses you.
You hit Natasha but do no damage. Natasha closely misses you.
You hit Natasha but do no damage.
Natasha appears confused.
Natasha claws you.
You hit Natasha but do no damage. Natasha claws you!
* * * LOW HITPOINT WARNING * * *
You are too injured to fight recklessly!
You are too injured to fight recklessly!
Unknown command.
You hit Natasha.
Natasha is lightly wounded.
Natasha claws you!
You die...

Skill      XL: |  1  2  3  4 |
---------------+-------------+-----
Hexes          | 5 |  5.6
Short Blades   | 2 |  2.5
Stealth        | 5 |  5.6
Dodging        | 3 |  3.3
Fighting       | 1 |  1.1
Spellcasting   | |  2.5

Action                   |  1- 3 |  4- 6 || total
-------------------------+-------+-------++-------
Melee: Dagger            |    88 |    59 ||   147
       Bite              |     5 |     3 ||     8
 Cast: Corona            |    10 |     2 ||    12
       Ensorcelled Hiber |    31 |    44 ||    75
       Confusing Touch   |       |     2 ||     2
 Abil: Exsanguinate      |     1 |       ||     1
  Use: Scroll            |     1 |     3 ||     4
 Stab: Sleeping          |    32 |    30 ||    62
       Confused          |       |     1 ||     1
Armor: Robe              |    14 |    11 ||    25
Dodge: Dodged            |    74 |    37 ||   111

Levels and vault maps discovered:
D:1:      tarquinn_simple_flora_water_e, layout_basic,
          chequers_serial_rivers_small_3
D:2:      layout_basic, lemuel_crystal_altar, fedhas_altar_4, uniq_robin
D:3:      layout_loops_ring, uniq_natasha

Notes
Turn   | Place    | Note
-------+----------+-------------------------------------------
     0 | D:1      | infcreate the Vampire Enchanter began the quest for the
                  | Orb.
     0 | D:1      | Reached XP level 1. HP: 13/13 MP: 3/3
   178 | D:1      | Reached XP level 2. HP: 13/15 MP: 3/5
   202 | D:1      | Learned a level 2 spell: Ensorcelled Hibernation
   926 | D:1      | Reached XP level 3. HP: 19/20 MP: 1/6
   981 | D:1      | Learned a level 3 spell: Confusing Touch
  1129 | D:1      | Reached skill level 5 in Hexes
  1419 | D:2      | Reached skill level 2 in Short Blades
  1655 | D:2      | Reached skill level 5 in Stealth
  1678 | D:2      | Found a shimmering blue altar of Sif Muna.
  1739 | D:2      | Noticed Robin
  2014 | D:2      | Killed Robin
  2015 | D:2      | Reached XP level 4. HP: 24/24 MP: 4/7
  2614 | D:2      | Reached skill level 3 in Dodging
  2783 | D:2      | Found a blossoming altar of Fedhas.
  3418 | D:3      | Noticed Natasha
  3772 | D:3      | Killed Natasha
  3773 | D:3      | Reached skill level 1 in Fighting
  3773 | D:3      | Reached XP level 5. HP: 29/29 MP: 8/8
  3916 | D:3      | Noticed Natasha
  3928 | D:3      | Killed Natasha
  4099 | D:3      | Noticed Natasha
  4144 | D:3      | Slain by Natasha

Vanquished Creatures
  Natasha (twice) (D:3)
  Robin (D:2)
  An adder (D:2)
  3 worms (D:2)
  3 dart slugs
  2 leopard geckos (D:1)
  An orc (D:3)
  8 bats
  20 goblins
  10 hobgoblins
  7 jackals
  8 kobolds
  A quokka (D:2)
  6 frilled lizards
  3 rats
76 creatures vanquished.

Table legend: (Time is in decaauts)
 A = Elapsed time spent in this place.
 B = Non-inter-level travel time spent in this place.
 C = Inter-level travel time spent in this place.
 D = Time resting spent in this place.
 E = Time spent auto-exploring this place.
 F = Levels seen in this place.
 G = Mean time per level.
                   A        B        C        D        E       F      G
               +--------+--------+--------+--------+--------+-----+--------+
         Total |   4142 |   3525 |    617 |   1421 |      0 |   3 | 1380.7 |
       Dungeon |   4142 |   3525 |    617 |   1421 |      0 |   3 | 1380.7 |
               +--------+--------+--------+--------+--------+-----+--------+

Top non-repeatable levels by time:
     D:1: 1766 daAuts
     D:2: 1346 daAuts
     D:3: 1030 daAuts

Table legend:
 A = Non-vault XP
 B = Vault XP
 C = Vault XP percentage of total XP
 D = Non-vault monster count
 E = Vault monster count
 F = Vault count percentage of total count
                 A         B        C        D         E       F
            +---------+---------+-------+---------+---------+-------
      Total |     169 |      73 |  30.2 |      63 |      13 |  17.1
            +---------+---------+-------+---------+---------+-------
        D:1 |      49 |       6 |  10.9 |      26 |       3 |  10.3
        D:2 |      66 |      31 |  32.0 |      26 |       9 |  25.7
        D:3 |      54 |      36 |  40.0 |      11 |       1 |   8.3
            +---------+---------+-------+---------+---------+-------
